Map: Honorgrounds LE

Players

MCanning

  • Race: Protoss Protoss
  • League: Grandmaster
  • Spawn Location: 11:00

Namshar - Winner!

  • Race: Zerg Zerg
  • League: Grandmaster
  • Spawn Location: 1:00

VOD

Have the link to the VOD?

Description

Time

  • Played on: March 25, 2017, 2:32 a.m.
  • Length: 13:14
Show
View Real Time Build Order
Export as new Build Order

MCanning Protoss 

Build Orders: Nexus First, Oracle Opening 

Get SALT Encoding   

  12  0:00  Probe (Chrono Boost)  
  13  0:11  Probe (Chrono Boost)  
  14  0:21  Pylon  
  14  0:22  Probe (Chrono Boost)  
  15  0:39  Probe (Chrono Boost)  
  17  0:50  Probe (Chrono Boost)  
  17  0:59  Nexus  
  17  1:09  Gateway  
  17  1:12  Probe (Chrono Boost)  
  18  1:22  Probe (Chrono Boost)  
  18  1:23  Assimilator  
  19  1:26  Assimilator  
  19  1:33  Probe (Chrono Boost)  
  20  1:43  Probe (Chrono Boost)  
  22  1:54  Probe (Chrono Boost)  
  22  1:57  Cybernetics Core  
  22  2:04  Probe (Chrono Boost)  
  23  2:10  Pylon  
  23  2:11  Probe (Chrono Boost)  
  23  2:15  Probe (Chrono Boost)  
  25  2:16  Zealot  
  25  2:22  Probe (Chrono Boost)  
  28  2:25  Probe (Chrono Boost)  
  29  2:31  Pylon  
  29  2:32  Probe (Chrono Boost)  
  29  2:36  Protoss Air Weapons Level 1  
  30  2:39  Probe (Chrono Boost)  
  31  2:45  Probe (Chrono Boost)  
  31  2:50  Stargate  
  32  2:53  Probe (Chrono Boost)  
  32  2:56  Probe (Chrono Boost)  
  34  3:04  Mothership Core (Chrono Boost)  
  36  3:06  Probe (Chrono Boost)  
  37  3:17  Probe (Chrono Boost)  
  38  3:22  Probe (Chrono Boost)  
  39  3:27  Probe (Chrono Boost)  
  39  3:28  Oracle, Pylon  
  44  3:34  Probe (Chrono Boost)  
  44  3:38  Probe (Chrono Boost)  
  45  3:46  Probe (Chrono Boost)  
  47  3:48  Probe (Chrono Boost)  
  47  3:49  Assimilator  
  47  3:56  Nexus  
  47  3:58  Probe (Chrono Boost), Pylon  
  47  3:59  Probe (Chrono Boost)  
  47  4:01  Void Ray  
  49  4:09  Probe (Chrono Boost)  
  55  4:10  Probe (Chrono Boost)  
  55  4:13  Assimilator  
  55  4:20  Probe (Chrono Boost)  
  55  4:22  Stargate, Probe (Chrono Boost)  
  57  4:30  Probe (Chrono Boost)  
  58  4:34  Probe (Chrono Boost)  
  59  4:41  Probe (Chrono Boost)  
  59  4:45  Probe (Chrono Boost), Pylon  
  61  4:46  Fleet Beacon  
  61  4:51  Probe (Chrono Boost)  
  62  4:56  Probe (Chrono Boost)  
  62  4:59  Stargate  
  63  5:02  Probe (Chrono Boost)  
  63  5:03  Assimilator  
  63  5:06  Probe (Chrono Boost)  
  65  5:09  Assimilator  
  65  5:10  Pylon  
  65  5:12  Probe (Chrono Boost)  
  65  5:13  Probe (Chrono Boost)  
  67  5:15  Pylon  
  67  5:17  Probe (Chrono Boost)  
  68  5:22  Forge  
  68  5:23  Probe x2 (Chrono Boost)  
  68  5:25  Carrier  
  68  5:27  Probe (Chrono Boost)  
  71  5:33  Probe (Chrono Boost)  
  71  5:34  Carrier  
  84  5:53  Carrier  
  84  5:58  Photon Cannon  
  84  6:02  Photon Cannon  
  84  6:03  Photon Cannon x2  
  84  6:05  Photon Cannon  
  84  6:08  Graviton Catapult  
  90  6:11  Protoss Air Weapons Level 2  
  90  6:15  Pylon  
  90  6:17  Probe x3 (Chrono Boost)  
  93  6:29  Probe x2 (Chrono Boost)  
  93  6:30  Photon Cannon  
  95  6:39  Probe (Chrono Boost)  
  103  6:41  Probe (Chrono Boost)  
  103  6:43  Photon Cannon  
  104  6:48  Probe (Chrono Boost)  
  104  6:50  Pylon  
  104  6:52  Pylon  
  104  6:53  Probe (Chrono Boost), Void Ray  
  105  6:55  Pylon  
  105  6:57  Void Ray  
  105  7:00  Probe (Chrono Boost)  
  114  7:16  Stargate  
  114  7:19  Stargate, Probe (Chrono Boost)  
  115  7:27  Void Ray  
  112  7:31  Photon Cannon  
  112  7:36  Void Ray  
  120  7:37  Nexus  
  120  7:40  Pylon  
  120  7:45  Void Ray  
  120  7:46  Photon Cannon  
  124  7:54  Photon Cannon  
  124  8:02  Void Ray  
  127  8:06  Pylon  
  127  8:08  Pylon  
  127  8:10  Pylon  
  125  8:13  Probe (Chrono Boost), Void Ray  
  125  8:15  Probe (Chrono Boost)  
  125  8:21  Probe (Chrono Boost), Nexus  
  125  8:22  Pylon  
  125  8:24  Pylon  
  125  8:25  Probe (Chrono Boost)  
  125  8:28  Probe (Chrono Boost)  
  125  8:29  Protoss Air Weapons Level 3  
  125  8:34  Probe (Chrono Boost)  
  126  8:37  Probe (Chrono Boost)  
  126  8:40  Probe (Chrono Boost)  
  128  8:46  Probe (Chrono Boost)  
  130  8:49  Probe (Chrono Boost)  
  130  8:52  Probe (Chrono Boost), Photon Cannon  
  130  8:54  Photon Cannon  
  130  8:55  Void Ray  
  131  8:56  Photon Cannon  
  135  9:07  Void Ray  
  138  9:12  Carrier  
  138  9:21  Probe (Chrono Boost)  
  138  9:23  Probe (Chrono Boost)  
  146  9:24  Photon Cannon  
  146  9:29  Void Ray  
  150  9:34  Void Ray  
  154  9:42  Robotics Facility  
  154  9:45  Void Ray  
  154  9:50  Void Ray  
  156  9:55  Assimilator  
  156  10:00  Assimilator, Anion Pulse-Crystals  
  156  10:11  Void Ray x2  
  157  10:27  Nexus  
  157  10:35  Void Ray  
  157  10:37  Pylon  
  157  10:38  Observer  
  157  10:39  Void Ray  
  166  10:46  Void Ray  
  166  10:49  Photon Cannon  
  162  10:57  Void Ray  
  166  11:05  Void Ray  
  164  11:33  Void Ray x2  
  172  11:40  Nexus  
  168  11:50  Probe (Chrono Boost)  
  169  11:59  Void Ray  
  175  12:04  Mothership Core (Chrono Boost)  
  175  12:05  Photon Cannon  
  175  12:07  Photon Cannon  
  175  12:09  Photon Cannon  
  173  12:29  Void Ray x2  
  173  12:31  Void Ray  
Show
View Real Time Build Order
Export as new Build Order

Namshar Zerg - Winner!

Build Orders: Hatch First, Muta Ling Bane 

Get SALT Encoding   

  12  0:00  Drone  
  13  0:12  Overlord  
  13  0:17  Drone  
  14  0:30  Drone x2  
  14  0:34  Drone  
  17  0:52  Hatchery  
  17  0:55  Drone  
  17  0:58  Drone  
  18  1:10  Extractor  
  17  1:14  Spawning Pool  
  17  1:17  Drone  
  17  1:20  Drone  
  18  1:28  Drone  
  19  1:38  Drone  
  20  1:48  Hatchery  
  20  1:50  Drone  
  20  2:01  Queen  
  20  2:06  Drone x2  
  24  2:13  Overlord  
  24  2:19  Metabolic Boost  
  24  2:22  Drone  
  25  2:25  Drone  
  25  2:28  Drone  
  27  2:32  Drone  
  28  2:37  Queen  
  30  2:44  Queen  
  30  2:48  Drone  
  33  2:53  Overlord  
  33  2:55  Drone  
  33  2:56  Drone  
  33  2:57  Drone  
  36  3:00  Drone  
  36  3:04  Drone  
  38  3:09  Overlord  
  38  3:10  Drone x2  
  40  3:15  Drone x2  
  40  3:18  Drone  
  43  3:20  Queen  
  43  3:24  Drone x2  
  47  3:27  Spore Crawler  
  47  3:30  Spore Crawler  
  45  3:35  Roach Warren  
  45  3:38  Drone  
  45  3:39  Drone  
  46  3:42  Drone  
  46  3:43  Drone  
  46  3:44  Drone  
  46  3:45  Drone  
  50  3:48  Overlord  
  50  3:50  Drone  
  50  3:52  Drone  
  50  3:54  Drone  
  54  3:55  Drone  
  54  3:59  Overlord  
  54  4:02  Drone x2  
  56  4:03  Drone  
  56  4:05  Drone  
  56  4:08  Overlord  
  58  4:12  Drone x3  
  58  4:15  Overlord  
  61  4:27  Extractor  
  61  4:29  Drone x3, Extractor  
  61  4:30  Drone x3  
  65  4:32  Drone  
  65  4:35  Drone x2, Lair  
  65  4:36  Extractor  
  65  4:37  Evolution Chamber  
  66  4:40  Drone x3  
  66  4:41  Drone  
  66  4:43  Extractor  
  69  4:48  Hatchery  
  68  4:54  Overlord  
  68  4:56  Overlord x2  
  68  4:57  Drone  
  69  5:01  Baneling Nest  
  68  5:08  Zergling x2, Zerg Melee Weapons Level 1  
  68  5:09  Zergling x12  
  68  5:12  Drone  
  68  5:13  Drone x2, Extractor  
  77  5:15  Drone  
  77  5:21  Overlord, Drone x3  
  81  5:23  Overlord  
  81  5:26  Drone  
  82  5:35  Drone x2  
  84  5:41  Spire  
  81  5:56  Overlord x3, Centrifical Hooks  
  79  5:59  Drone  
  79  6:00  Drone x7  
  79  6:01  Spore Crawler  
  86  6:06  Spore Crawler  
  86  6:07  Drone x3  
  86  6:09  Zergling x4  
  90  6:15  Drone x2  
  90  6:16  Overlord  
  92  6:20  Extractor  
  92  6:22  Zergling x8, Extractor  
  93  6:47  Overlord  
  93  6:53  Drone, Mutalisk  
  93  6:54  Mutalisk x11  
  96  6:57  Zerg Flyer Armor Level 1  
  118  7:03  Zergling x14  
  118  7:04  Zergling x2  
  126  7:11  Hatchery, Zerg Melee Weapons Level 2  
  126  7:12  Spire  
  124  7:29  Overlord  
  124  7:30  Overlord x3  
  124  7:36  Zergling x26  
  136  8:08  Overlord x2  
  130  8:25  Corruptor x3  
  130  8:26  Corruptor x9  
  152  8:31  Zerg Flyer Weapons Level 1  
  150  8:34  Drone x2  
  150  8:38  Drone x4  
  150  8:39  Drone x2  
  158  8:43  Corruptor  
  158  8:44  Corruptor x2  
  158  8:47  Extractor  
  163  8:51  Extractor  
  163  8:53  Zerg Flyer Armor Level 2  
  163  8:54  Corruptor x3  
  168  9:04  Corruptor  
  168  9:05  Corruptor x2  
  168  9:07  Spore Crawler  
  169  9:21  Pneumatized Carapace  
  169  9:22  Drone  
  170  9:26  Hatchery  
  170  9:29  Corruptor  
  170  9:30  Corruptor x3  
  175  9:42  Corruptor x3  
  175  9:44  Drone  
  175  9:45  Drone x4  
  185  9:49  Hatchery  
  182  9:59  Corruptor  
  178  10:00  Hatchery, Corruptor x3  
  157  10:15  Corruptor  
  157  10:16  Corruptor x2  
  157  10:18  Zergling x2  
  157  10:19  Zergling x28  
  174  10:43  Zerg Flyer Weapons Level 2, Corruptor x3  
  174  10:44  Corruptor  
  182  10:50  Corruptor  
  178  11:13  Zerg Ground Armor Level 1, Corruptor x4  
  165  11:33  Corruptor x4  
  173  11:42  Corruptor x2  
  173  11:45  Extractor  
  170  11:48  Extractor  
  169  11:54  Drone x3  
  169  11:55  Drone x9  
  176  12:08  Hatchery  
  169  12:15  Corruptor  
  169  12:16  Corruptor x7  
  177  12:26  Corruptor x2  
  170  12:34  Corruptor x2  
  148  12:44  Corruptor  
  148  12:45  Corruptor x2  
Tags
 
Add a new tag
Caveats
  • Supply blocks, unpowered buildings, or Contaminate may cause inaccurate times.
  • Supply counts are checked every 10 seconds.